Map: Cyber Forest LE

Players

WartyFoo - Winner!

  • Race: Terran Terran
  • League: Diamond
  • Spawn Location: 5:00

Woah

  • Race: Terran Terran
  • Spawn Location: 11:00

VOD

Have the link to the VOD?

Description

Time

  • Played on: June 14, 2019, 1:25 p.m.
  • Length: 6:59
Show
View Real Time Build Order
Export as new Build Order

WartyFoo Terran - Winner!

Build Orders:  

Get SALT Encoding   

  12  0:00  SCV  
  13  0:13  SCV  
  14  0:18  Supply Depot  
  14  0:25  SCV  
  15  0:30  Refinery  
  15  0:39  SCV  
  16  0:46  Barracks  
  16  0:52  SCV  
  17  1:04  SCV  
  18  1:14  Barracks  
  18  1:16  SCV  
  19  1:28  SCV  
  20  1:33  Reaper  
  20  1:34  Supply Depot  
  21  1:40  Orbital Command  
  21  1:49  Refinery  
  21  1:59  Factory  
  21  2:02  Marine  
  21  2:06  SCV  
  23  2:11  Reaper  
  24  2:18  SCV  
  25  2:30  Barracks Reactor  
  25  2:49  Factory Tech Lab  
  26  2:56  Command Center  
  24  3:08  Siege Tank  
  24  3:10  Marine x2  
  29  3:13  Barracks Tech Lab  
  29  3:15  Supply Depot  
  29  3:27  Marine  
  29  3:28  Marine  
  30  3:44  Cyclone  
  30  3:45  Marauder  
  30  3:46  Marine x2  
  37  4:03  Stimpack  
  37  4:04  Marine  
  38  4:11  Starport  
  38  4:13  Orbital Command  
  38  4:17  Marine  
  38  4:18  Marine  
  38  4:21  SCV  
  41  4:33  Siege Tank  
  41  4:36  Orbital Command  
  44  4:40  Marauder  
  46  5:02  Marine  
  46  5:06  Viking, Medivac  
  51  5:08  SCV x2  
  53  5:15  Engineering Bay  
  53  5:16  Barracks Reactor  
  53  5:20  SCV  
  54  5:30  Marine  
  54  5:31  Siege Tank  
  56  5:47  Marine  
  57  5:52  Starport Tech Lab  
  56  6:05  Marine  
  57  6:24  Marauder  
  59  6:32  Marine  
Show
View Real Time Build Order
Export as new Build Order

Woah Terran 

Build Orders:  

Get SALT Encoding   

  12  0:01  SCV  
  13  0:13  SCV  
  14  0:18  Refinery  
  14  0:24  Supply Depot  
  14  0:29  SCV  
  15  0:45  SCV  
  15  0:49  Barracks  
  16  0:56  Refinery  
  16  0:58  SCV  
  17  1:10  SCV  
  18  1:22  SCV  
  19  1:36  Factory  
  19  1:37  Reaper  
  20  1:41  Orbital Command  
  20  2:01  Supply Depot  
  20  2:09  Reaper  
  20  2:14  SCV  
  24  2:23  Hellion  
  24  2:46  Factory Tech Lab  
  24  2:47  Reaper  
  24  2:48  Starport  
  25  3:05  SCV  
  26  3:08  Command Center  
  26  3:10  Cyclone  
  29  3:17  SCV  
  30  3:35  Starport Reactor  
  30  3:37  Starport Tech Lab, Barracks Reactor  
  30  3:39  Command Center  
  30  3:55  SCV  
  30  4:05  Engineering Bay  
  30  4:07  SCV, Barracks x2  
  31  4:19  Banshee  
  34  4:26  SCV  
  34  4:29  Orbital Command  
  35  4:38  Siege Tank  
  38  4:41  SCV  
  39  4:46  Marine  
  39  4:47  Marine  
  39  4:52  SCV  
  42  4:55  SCV  
  42  4:58  SCV  
  44  5:04  Marine, Barracks Tech Lab  
  44  5:06  Barracks Reactor  
  45  5:08  SCV  
  45  5:11  SCV  
  47  5:17  Banshee  
  47  5:20  Marine  
  51  5:22  SCV  
  49  6:12  Orbital Command  
  49  6:13  Barracks  
  49  6:14  SCV x2, Starport Reactor, Barracks  
  50  6:19  Supply Depot, Refinery x2  
  50  6:20  Supply Depot  
  50  6:21  Supply Depot  
  50  6:26  SCV x2  
  48  6:38  SCV x2  
Tags
 
League
Diamond
Matchup
TvT
Race
Terran
Replay Pack
r1
Spawn Locations
Cross Positions
Add a new tag
Caveats
  • Supply blocks, unpowered buildings, or Contaminate may cause inaccurate times.
  • Supply counts are checked every 10 seconds.